General information
- name: BNet
- type: Ladder team game (AT/RT)
- host: Battle.net
- saver: DDDDDDDDDDDDDDD
map: Monsoon
- players: 6
- length: 35:14
- speed: Fast
- version: 1.27 W3XP
- replay type:

» download(274 KB)
Players
team 1 (winner)
badgorpsgood (
pink | 90 APM | 3174 actions | 35:10)
8 Blademaster
3 Wind Walk
3 Critical Strike
1 Bladestorm
1 Mirror Image
» actions
| Assign group hotkey | 23 | |
| Basic commands | 14 | |
| Build / train | 56 | |
| ESC pressed | 3 | |
| Enter build submenu | 51 | |
| Enter hero's abilities submenu | 9 | |
| Give item / drop item | 4 | |
| Right click | 2144 | |
| Select / deselect | 216 | |
| Select group hotkey | 397 | |
| Use ability | 257 | |
3174 total
» units
» upgrades
| Ranged Weapons | 3 | |
| Reinforced Defenses | 1 | |
| Spiked Barricades | 2 | |
| Liquid Fire | 1 | |
| Armor | 3 | |
| Troll Regeneration | 1 | |
11 total
» buildings
| Altar of Storms | 1 | |
| War Mill | 1 | |
| Orc Burrow | 5 | |
| Voodoo Lounge | 3 | |
| Watch Tower | 47 | |
| Stronghold | 2 | |
| Fortress | 1 | |
| Beastiary | 2 | |
| Great Hall | 1 | |
| Barracks | 1 | |
64 total
» build order
00:05 Altar of Storms
00:11 War Mill
00:19 Orc Burrow
01:09 Voodoo Lounge
01:38 Watch Tower
02:18 Watch Tower
02:38 Watch Tower
03:21 Stronghold
03:22 Stronghold
03:27 Orc Burrow
03:43 Watch Tower
04:33 Watch Tower
04:59 Watch Tower
05:44 Fortress
06:06 Watch Tower
06:06 Watch Tower
06:15 Beastiary
06:16 Beastiary
06:43 Voodoo Lounge
06:48 Voodoo Lounge
07:14 Watch Tower
07:15 Watch Tower
07:33 Orc Burrow
07:40 Great Hall
08:29 Watch Tower
08:35 Watch Tower
08:51 Orc Burrow
10:05 Watch Tower
10:05 Watch Tower
10:16 Orc Burrow
11:25 Watch Tower
11:25 Watch Tower
12:32 Watch Tower
12:32 Watch Tower
13:44 Watch Tower
13:47 Watch Tower
13:48 Watch Tower
14:53 Watch Tower
14:54 Watch Tower
16:05 Watch Tower
16:05 Watch Tower
22:22 Watch Tower
22:22 Watch Tower
22:23 Watch Tower
22:23 Watch Tower
22:25 Watch Tower
22:26 Watch Tower
22:27 Watch Tower
22:27 Watch Tower
22:35 Watch Tower
22:35 Watch Tower
22:36 Watch Tower
22:37 Watch Tower
22:37 Watch Tower
26:26 Barracks
27:03 Watch Tower
27:04 Watch Tower
27:06 Watch Tower
27:08 Watch Tower
27:09 Watch Tower
27:11 Watch Tower
27:12 Watch Tower
27:12 Watch Tower
27:13 Watch Tower
» items
| Healing Salve | 1 | |
| Lesser Clarity Potion | 2 | |
| Staff of Teleportation | 1 | |
| Boots of Speed | 1 | |
| Orb of Lightning | 1 | |
6 total
DDDDDDDDDDDDDDD (
teal | 114 APM | 4010 actions | 35:14)
5 Warden
2 Shadow Strike
3 Blink
3 Pandaren Brewmaster
2 Breath of Fire
1 Drunken Brawler
» actions
| Assign group hotkey | 16 | |
| Basic commands | 25 | |
| Build / train | 88 | |
| Enter build submenu | 34 | |
| Enter hero's abilities submenu | 9 | |
| Give item / drop item | 3 | |
| Remove unit from queue | 6 | |
| Right click | 2746 | |
| Select / deselect | 481 | |
| Select group hotkey | 329 | |
| Use ability | 273 | |
4010 total
» units
» upgrades
| Nature's Blessing | 1 | |
| Well Spring | 1 | |
| Ultravision | 1 | |
| Strength of the Wild | 3 | |
| Reinforced Hides | 3 | |
9 total
» buildings
| Altar of Elders | 1 | |
| Moon Well | 30 | |
| Tree of Ages | 3 | |
| Ancient of Wonders | 1 | |
| Tree of Life | 1 | |
| Tree of Eternity | 3 | |
| Hunter's Hall | 1 | |
| Ancient of Wind | 2 | |
42 total
» build order
00:10 Altar of Elders
00:18 Moon Well
01:17 Moon Well
04:19 Tree of Ages
04:19 Tree of Ages
04:19 Tree of Ages
04:41 Moon Well
04:44 Moon Well
05:47 Moon Well
06:19 Moon Well
06:27 Moon Well
07:35 Moon Well
08:15 Ancient of Wonders
08:54 Moon Well
08:58 Tree of Life
09:12 Moon Well
09:58 Moon Well
11:12 Tree of Eternity
11:12 Tree of Eternity
11:13 Tree of Eternity
13:21 Hunter's Hall
13:24 Moon Well
13:26 Moon Well
13:27 Moon Well
14:11 Moon Well
14:14 Moon Well
14:14 Moon Well
14:33 Moon Well
14:35 Moon Well
14:36 Moon Well
14:37 Moon Well
15:47 Ancient of Wind
18:02 Moon Well
18:03 Moon Well
21:40 Ancient of Wind
22:08 Moon Well
22:09 Moon Well
22:10 Moon Well
22:11 Moon Well
22:12 Moon Well
22:12 Moon Well
» items
| Boots of Speed | 2 | |
| Staff of Teleportation | 3 | |
| Healing Salve | 1 | |
| Orb of Lightning | 1 | |
| Orb of Venom | 1 | |
| Staff of Preservation | 3 | |
| Scroll of Town Portal | 1 | |
12 total
myliege_cyrus (
blue | 120 APM | 4238 actions | 35:10)
5 Archmage
3 Blizzard
2 Brilliance Aura
4 Blood Mage
2 Flame Strike
2 Siphon Mana
4 Pit Lord
3 Rain of Fire
1 Cleaving Attack
» actions
| Assign group hotkey | 352 | |
| Basic commands | 81 | |
| Build / train | 123 | |
| Enter build submenu | 102 | |
| Enter hero's abilities submenu | 13 | |
| Give item / drop item | 9 | |
| Right click | 1733 | |
| Select / deselect | 409 | |
| Select group hotkey | 1124 | |
| Use ability | 291 | |
4238 total
» units
» upgrades
| Masonry | 3 | |
| Magic Sentry | 1 | |
| Lumber Harvesting | 1 | |
5 total
» buildings
| Altar of Kings | 1 | |
| Farm | 3 | |
| Scout Tower | 130 | |
| Lumber Mill | 1 | |
| Arcane Tower | 12 | |
| Guard Tower | 51 | |
| Arcane Vault | 3 | |
| Keep | 1 | |
| Castle | 1 | |
| Arcane Sanctum | 1 | |
| Town Hall | 1 | |
205 total
» build order
00:03 Altar of Kings
00:15 Farm
00:49 Farm
01:01 Scout Tower
01:05 Scout Tower
01:09 Lumber Mill
01:29 Scout Tower
01:30 Scout Tower
01:34 Arcane Tower
01:45 Scout Tower
01:48 Scout Tower
01:59 Arcane Tower
02:10 Guard Tower
02:18 Scout Tower
02:22 Guard Tower
02:23 Scout Tower
02:27 Scout Tower
02:40 Arcane Vault
03:34 Keep
03:36 Guard Tower
03:39 Scout Tower
03:39 Scout Tower
04:04 Guard Tower
04:11 Scout Tower
04:13 Scout Tower
04:38 Guard Tower
04:44 Guard Tower
04:49 Scout Tower
04:55 Scout Tower
05:04 Arcane Tower
05:05 Scout Tower
05:06 Scout Tower
05:07 Guard Tower
05:36 Guard Tower
05:44 Guard Tower
05:50 Farm
06:19 Guard Tower
06:22 Scout Tower
06:24 Scout Tower
06:24 Scout Tower
06:55 Guard Tower
07:29 Guard Tower
07:30 Scout Tower
07:31 Scout Tower
07:35 Castle
07:37 Arcane Sanctum
07:55 Town Hall
08:04 Guard Tower
08:11 Scout Tower
08:27 Guard Tower
08:30 Scout Tower
08:32 Scout Tower
09:10 Guard Tower
09:13 Scout Tower
09:32 Guard Tower
09:34 Scout Tower
09:35 Scout Tower
10:18 Guard Tower
10:20 Scout Tower
10:21 Scout Tower
10:46 Guard Tower
10:47 Scout Tower
10:50 Scout Tower
10:52 Scout Tower
10:58 Scout Tower
11:01 Arcane Tower
11:18 Guard Tower
11:20 Scout Tower
11:21 Scout Tower
12:08 Guard Tower
12:10 Scout Tower
12:27 Guard Tower
12:28 Scout Tower
12:30 Scout Tower
12:35 Arcane Vault
12:36 Scout Tower
13:16 Arcane Tower
13:24 Scout Tower
13:25 Scout Tower
13:26 Scout Tower
13:29 Scout Tower
13:29 Scout Tower
13:30 Scout Tower
13:33 Guard Tower
13:55 Scout Tower
13:55 Scout Tower
14:01 Scout Tower
14:02 Scout Tower
14:03 Scout Tower
14:32 Arcane Tower
14:37 Arcane Tower
15:28 Guard Tower
15:30 Scout Tower
15:31 Scout Tower
15:32 Scout Tower
15:33 Scout Tower
15:35 Guard Tower
15:35 Scout Tower
15:38 Guard Tower
15:42 Scout Tower
15:44 Scout Tower
15:47 Scout Tower
15:47 Scout Tower
15:53 Scout Tower
15:55 Scout Tower
15:58 Scout Tower
15:59 Scout Tower
18:07 Scout Tower
18:11 Scout Tower
18:12 Scout Tower
18:18 Scout Tower
18:20 Scout Tower
18:27 Guard Tower
18:30 Scout Tower
18:32 Scout Tower
18:33 Scout Tower
18:36 Scout Tower
18:37 Scout Tower
18:38 Scout Tower
18:40 Scout Tower
18:42 Arcane Tower
18:54 Scout Tower
18:55 Scout Tower
18:56 Scout Tower
18:58 Scout Tower
18:59 Scout Tower
19:00 Scout Tower
19:04 Arcane Tower
19:08 Arcane Vault
19:11 Scout Tower
19:12 Scout Tower
19:16 Guard Tower
19:17 Scout Tower
19:39 Scout Tower
19:40 Scout Tower
20:15 Arcane Tower
20:16 Guard Tower
21:08 Arcane Tower
21:09 Guard Tower
21:14 Guard Tower
21:29 Scout Tower
21:30 Scout Tower
21:31 Scout Tower
21:41 Scout Tower
21:43 Scout Tower
21:46 Scout Tower
22:12 Guard Tower
22:14 Guard Tower
23:09 Guard Tower
25:31 Scout Tower
25:37 Scout Tower
25:41 Scout Tower
25:54 Guard Tower
26:27 Scout Tower
26:28 Scout Tower
26:29 Scout Tower
26:30 Scout Tower
26:34 Scout Tower
26:38 Scout Tower
26:39 Scout Tower
26:41 Scout Tower
26:43 Scout Tower
26:44 Scout Tower
26:44 Scout Tower
26:50 Scout Tower
26:52 Guard Tower
27:18 Scout Tower
27:19 Scout Tower
27:20 Scout Tower
27:20 Scout Tower
27:21 Scout Tower
27:22 Scout Tower
27:22 Scout Tower
27:25 Guard Tower
27:35 Arcane Tower
27:35 Guard Tower
27:54 Scout Tower
27:55 Scout Tower
27:56 Scout Tower
27:57 Scout Tower
27:58 Scout Tower
28:04 Guard Tower
28:30 Guard Tower
28:40 Guard Tower
29:51 Guard Tower
29:53 Guard Tower
29:59 Guard Tower
30:08 Scout Tower
30:14 Scout Tower
30:15 Scout Tower
30:17 Scout Tower
30:23 Guard Tower
30:28 Scout Tower
30:29 Scout Tower
30:37 Guard Tower
30:40 Scout Tower
30:47 Scout Tower
30:48 Scout Tower
30:59 Guard Tower
31:07 Guard Tower
31:08 Guard Tower
31:43 Guard Tower
34:38 Guard Tower
34:39 Scout Tower
35:08 Guard Tower
» items
| Boots of Speed | 2 | |
| Staff of Teleportation | 3 | |
| Scroll of Regeneration | 1 | |
| Orb of Lightning | 3 | |
| Staff of Sanctuary | 3 | |
| Scroll of Town Portal | 2 | |
| Periapt of Vitality | 2 | |
| Circlet of Nobility | 1 | |
17 total
team 2 (loser)
Cocobello (
green | 45 APM | 1597 actions | 35:09)
4 Crypt Lord
1 Carrion Beetles
2 Impale
1 Spiked Carapace
2 Lich
1 Frost Nova
1 Dark Ritual
» actions
| Assign group hotkey | 23 | |
| Build / train | 80 | |
| Enter build submenu | 21 | |
| Enter hero's abilities submenu | 6 | |
| Remove unit from queue | 1 | |
| Right click | 1014 | |
| Select / deselect | 307 | |
| Select group hotkey | 81 | |
| Use ability | 64 | |
1597 total
» units
| Acolyte | 27 | |
| Ghoul | 7 | |
| Crypt Fiend | 3 | |
| Frost Wyrm | 13 | |
50 total
» upgrades
| Creature Attack | 3 | |
| Creature Carapace | 2 | |
| Web | 1 | |
| Burrow | 1 | |
| Freezing Breath | 1 | |
8 total
» buildings
| Altar of Darkness | 1 | |
| Ziggurat | 9 | |
| Crypt | 2 | |
| Tomb of Relics | 1 | |
| Nerubian Tower | 1 | |
| Graveyard | 1 | |
| Halls of the Dead | 1 | |
| Black Citadel | 1 | |
| Sacrificial Pit | 1 | |
| Spirit Tower | 6 | |
| Boneyard | 3 | |
27 total
» build order
00:10 Altar of Darkness
00:12 Ziggurat
00:28 Crypt
01:00 Crypt
01:23 Tomb of Relics
02:08 Ziggurat
03:17 Nerubian Tower
04:27 Ziggurat
04:40 Graveyard
06:00 Halls of the Dead
06:25 Ziggurat
06:29 Ziggurat
08:14 Ziggurat
10:23 Black Citadel
12:48 Ziggurat
12:48 Ziggurat
12:49 Ziggurat
12:56 Sacrificial Pit
13:18 Spirit Tower
13:47 Boneyard
14:48 Boneyard
15:58 Boneyard
17:38 Spirit Tower
17:40 Spirit Tower
17:43 Spirit Tower
17:45 Spirit Tower
17:47 Spirit Tower
» items
| Rod of Necromancy | 1 | |
| Scroll of Town Portal | 1 | |
| Dust of Appearance | 2 | |
4 total
DaReCh (
orange | 63 APM | 2211 actions | 35:09)
4 Far Seer
2 Feral Spirit
2 Chain Lighting
3 Pit Lord
2 Howl of Terror
1 Cleaving Attack
1 Shadow Hunter
1 Healing Wave
» actions
| Assign group hotkey | 43 | |
| Build / train | 111 | |
| Enter build submenu | 22 | |
| Enter hero's abilities submenu | 8 | |
| Remove unit from queue | 2 | |
| Right click | 1120 | |
| Select / deselect | 531 | |
| Select group hotkey | 323 | |
| Use ability | 50 | |
2211 total
» units
| Peon | 29 | |
| Grunt | 6 | |
| Troll Headhunter/Berserker | 9 | |
| Demolisher | 9 | |
| Wind Rider | 9 | |
| Troll Batrider | 14 | |
76 total
» upgrades
| Melee Weapons | 3 | |
| Ranged Weapons | 3 | |
| Berserker Strength | 1 | |
| Troll Regeneration | 1 | |
| Burning Oil | 1 | |
| Envenomed Spears | 1 | |
| Pillage | 1 | |
| Liquid Fire | 1 | |
| Berserker Upgrade | 1 | |
| Armor | 3 | |
16 total
» buildings
| Altar of Storms | 1 | |
| Orc Burrow | 8 | |
| Barracks | 2 | |
| War Mill | 3 | |
| Stronghold | 1 | |
| Great Hall | 1 | |
| Fortress | 1 | |
| Voodoo Lounge | 1 | |
| Beastiary | 2 | |
| Watch Tower | 2 | |
22 total
» build order
00:08 Altar of Storms
00:16 Orc Burrow
00:30 Barracks
01:35 Orc Burrow
02:22 Barracks
02:44 Orc Burrow
03:32 War Mill
04:40 Stronghold
05:07 Orc Burrow
06:03 Orc Burrow
06:54 Orc Burrow
07:35 Great Hall
07:37 Fortress
07:51 Voodoo Lounge
10:14 Beastiary
10:18 Beastiary
12:43 Orc Burrow
12:45 Orc Burrow
27:13 Watch Tower
27:24 War Mill
27:28 War Mill
28:23 Watch Tower
» items
| Lesser Clarity Potion | 3 | |
| Scroll of Speed | 1 | |
4 total
Jonny (
yellow | 124 APM | 4339 actions | 35:06)
4 Keeper of the Grove
2 Force of Nature
2 Entangling Roots
3 Priestess of the Moon
2 Trueshot Aura
1 Searing Arrows
» actions
| Assign group hotkey | 33 | |
| Build / train | 106 | |
| ESC pressed | 1 | |
| Enter build submenu | 27 | |
| Enter hero's abilities submenu | 7 | |
| Remove unit from queue | 5 | |
| Right click | 1708 | |
| Select / deselect | 774 | |
| Select group hotkey | 1589 | |
| Use ability | 89 | |
4339 total
» units
| Wisp | 33 | |
| Huntress | 6 | |
| Druid of the Claw | 4 | |
| Dryad | 8 | |
| Chimaera | 9 | |
| Hippogryph | 6 | |
66 total
» upgrades
| Druid of the Claw Training | 2 | |
| Upgrade Moon Glaive | 1 | |
| Mark of the Claw | 1 | |
| Abolish Magic | 1 | |
| Druid of the Talon Training | 2 | |
| Well Spring | 1 | |
| Strength of the Moon | 1 | |
| Strength of the Wild | 3 | |
| Reinforced Hides | 3 | |
| Corrosive Breath | 1 | |
| Moon Armor | 1 | |
| Ultravision | 1 | |
18 total
» buildings
| Altar of Elders | 1 | |
| Moon Well | 8 | |
| Hunter's Hall | 1 | |
| Ancient of War | 1 | |
| Ancient of Wonders | 1 | |
| Tree of Ages | 1 | |
| Ancient of Lore | 2 | |
| Tree of Life | 3 | |
| Tree of Eternity | 1 | |
| Ancient of Wind | 1 | |
| Ancient Protector | 1 | |
| Chimaera Roost | 2 | |
23 total
» build order
00:04 Altar of Elders
00:10 Moon Well
01:14 Hunter's Hall
01:42 Ancient of War
01:56 Moon Well
02:07 Ancient of Wonders
02:48 Moon Well
03:26 Tree of Ages
04:11 Moon Well
06:00 Ancient of Lore
06:21 Ancient of Lore
06:53 Moon Well
07:40 Tree of Life
10:22 Tree of Eternity
13:13 Moon Well
13:15 Moon Well
18:06 Ancient of Wind
18:48 Ancient Protector
19:14 Chimaera Roost
19:15 Chimaera Roost
22:19 Moon Well
23:31 Tree of Life
30:51 Tree of Life
» items
| Dust of Appearance | 4 | |
| Scroll of Town Portal | 3 | |
7 total
Chat log
(00:26 / All) badgorpsgood: hello all
(00:35 / All) Jonny: nerv nicht
(00:40 / All) badgorpsgood: Hello where are u from.
(03:06 / All) badgorpsgood: are u bad
(19:42 / All) badgorpsgood: here's jonny
(32:59 / All) badgorpsgood: dont u lose
(33:43 / All) badgorpsgood: gholbine
(33:44 / All) badgorpsgood: gholbine
(33:48 / All) badgorpsgood: tp
(33:49 / All) myliege_cyrus: TP
(33:49 / All) badgorpsgood: tp keeper
(33:50 / All) myliege_cyrus: you have no tp
(34:16 / All) DDDDDDDDDDDDDDD: quit
(34:17 / All) DDDDDDDDDDDDDDD: gg
(34:18 / All) DDDDDDDDDDDDDDD: quit now
(34:19 / All) DDDDDDDDDDDDDDD: bye